 Dungeon Crawl Stone Soup version 0.29.0-4-gdea44cf6ec (webtiles) character file.

Game seed: 2526218090378759011

10685 qw the Blocker (level 11, 0/103 HPs)
             Began as a Gargoyle Berserker on Sept 4, 2022.
             Was a Priest of Trog.
             Slain by a naga
             ... wielding a +0 flail
              (15 damage)
             ... on level 2 of the Lair of Beasts.
             The game lasted 00:03:29 (13174 turns).

qw the Blocker (Gargoyle Berserker)                Turns: 13174, Time: 00:03:30

Health: 0/103      AC: 27    Str: 25    XL:     11   Next: 66%
Magic:  11/11      EV:  7    Int:  6    God:    Trog [***...]
Gold:   541        SH: 22    Dex: 13    Spells: 10/10 levels left

rFire   . . .      SeeInvis .   Y - +1 broad axe (protect)
rCold   . . .      Faith    .   o - +0 tower shield
rNeg    + . .      Spirit   .   n - +1 chain mail {Will+}
rPois   inf        Reflect  +   (helmet restricted)
rElec   +          Harm     .   (no cloak)
rCorr   .          Rampage  .   (no gloves)
Will    +....                   (no boots)
Stlth   ..........              i - amulet of reflection
HPRegen 0.27/turn               h - +4 ring of evasion
MPRegen 0.12/turn               (no ring)

@: berserking, about to teleport, under a protective aura, constricted, very
quick
A: sickness immunity, AC +8, negative energy resistance 1, electricity
resistance, torment resistance 1, petrification resistance, antennae 1,
iridescent scales 1, agile 1
a: Renounce Religion, Berserk, Trog's Hand


You were on level 2 of the Lair of Beasts.
You worshipped Trog.
Trog was most pleased with you.
You visited 2 branches of the dungeon, and saw 11 of its levels.

You collected 667 gold pieces.
You spent 126 gold pieces at shops.


Innate Abilities, Weirdness & Mutations

You are immune to sickness and miasma.
Your stone body is resilient. (AC +8)
You are immune to poison.
You resist negative energy. (rN+)
You are resistant to electric shocks. (rElec)
You are resistant to unholy torment.
You are immune to petrification.
You have a pair of small antennae on your head.
You are partially covered in iridescent scales. (AC +2)
You are agile. (Dex +4, Str/Int -1)


   Skills:
 - Level 8.4 Fighting
 - Level 10.0 Axes
 + Level 2.4 Throwing
 - Level 4.7 Armour
 - Level 2.0 Dodging
 - Level 13.0 Shields


You had 10 spell levels left.
You didn't know any spells.
Your spell library was empty.

Inventory:

Hand Weapons
 e - a +1 flail of protection
 Y - a +1 broad axe of protection (weapon)
Missiles
 l - 6 boomerangs
 r - 7 javelins (quivered)
Armour
 n - a +1 chain mail of willpower (worn)
 o - a +0 tower shield (worn)
Jewellery
 b - a ring of ice
 h - a +4 ring of evasion (left hand)
 i - an amulet of reflection (around neck)
Wands
 k - a wand of digging (5)
Scrolls
 d - 8 scrolls of identify
 f - 5 scrolls of teleportation
Potions
 a - a potion of might
 c - a potion of berserk rage {unknown}
 j - 4 potions of curing
 m - a potion of haste

Dungeon Overview and Level Annotations

Branches:
Dungeon (9/15)             Temple (0/1) D:4            Lair (2/5) D:9
 Shoals (0/4) Lair:2        Snake (0/4) Lair:2
    Orc: D:9-12

Altars:
Cheibriados
Dithmenos
Gozag
Makhleb
Qazlal
Sif Muna
Zin
The Shining One

Shops:
D:2 :   D:3 !

Annotations:
D:4 2 transporters


Message History

You barely miss the naga. You block the naga's attack. The naga constricts you.
The naga hits you but does no damage. The naga spits poison at you.
The splash of poison hits you but does no damage.
You resist. The naga constricts you. The naga hits you but does no damage.
You closely miss the naga.
The naga is moderately wounded.
You hit the naga but do no damage. You barely miss the naga.
The naga spits poison at you.
The splash of poison hits you but does no damage.
You resist. You block the naga's attack. The naga constricts you.
The naga spits poison at you.
The splash of poison hits you but does no damage.
You resist.
You closely miss the naga.
The naga is moderately wounded.
You slash the naga! You closely miss the naga.
You block the naga's attack. x2; The naga constricts you.
The naga closely misses you.
You hit the naga.
The naga is heavily wounded.
You slash the naga! You hit the naga but do no damage.
You block the naga's attack. x2; The naga constricts you.
You block the naga's attack. The naga hits you with a +0 halberd!
The naga constricts you. The naga hits you with a +0 flail!
The naga hits you with a +0 war axe!
13173 ||| READING 6 scrolls of teleportation.
As you read the scroll of teleportation, it crumbles to dust.
You feel strangely unstable. The naga hits you but does no damage.
The naga spits poison at you.
The splash of poison reflects off an invisible shield around you!
The splash of poison hits the naga.
The naga completely resists.
The naga constricts you. The naga barely misses you.
13174 ||| INVOKING Berserk.
A red film seems to cover your vision as you go berserk!
You feel yourself moving faster!
You feel mighty! The naga hits you with a +0 flail!
You die...

.##...#...........#
###...##.........#
.#...P###........#
......# #.......###
.....## ##........#
..<[..# #####..!##
......# ##...#
......## ##.##
.......#P 7@7
.........
7~.NNN~P~#
..#####..
#~~77.77~.#
..##..... #. ... ~#
#........ .. .>. ..
........... 7(..7
## ##........ 77.77
##....... ...
.........


You could see 3 nagas.

Vanquished Creatures
  A catoblepas (Lair:2)
  A boulder beetle (Lair:1)
  A two-headed ogre (D:8)
  Sonja (Lair:1)
  An ugly thing (D:8)
  2 black mambas (Lair:1)
  A komodo dragon (Lair:1)
  A merfolk (Lair:2)
  3 blink frogs (Lair:1)
  7 dream sheep (Lair:2)
  10 yaks
  3 steam dragons
  7 water moccasins
  Duvessa (D:5)
  4 orc warriors
  3 black bears
  2 sky beasts
  2 centaurs (D:7)
  An ogre (D:6)
  Blork the orc (D:5)
  2 bullfrogs
  2 scorpions
  2 necrophages
  Dowan (D:5)
  4 killer bees (D:7)
  3 jellies
  A hound (D:6)
  5 orc priests
  A gnoll bouda (D:9)
  6 orc wizards
  3 iguanas
  9 gnolls
  5 adders
  A shadow imp (D:5)
  A white imp (D:5)
  An ufetubus (D:4)
  4 worms
  3 dart slugs
  30 orcs
  8 ball pythons
  9 bats
  2 endoplasms
  2 giant cockroaches
  3 goblins
  6 hobgoblins
  4 jackals (D:4)
  6 kobolds
  A quokka (D:1)
  3 frilled lizards
  7 rats
188 creatures vanquished.

Vanquished Creatures (others)
  An orc wizard (D:6)
  3 fungi
  3 plants
7 creatures vanquished.

Grand Total: 195 creatures vanquished

Notes
Turn   | Place    | Note
-------+----------+-------------------------------------------
     0 | D:1      | qw the Gargoyle Berserker began the quest for the Orb.
     0 | D:1      | Reached XP level 1. HP: 14/14 MP: 1/1
     0 | D:1      | 0 ||| qw: Version: 0.1-a-103-gd6f5d3a
     0 | D:1      | 0 ||| qw: Game counter: 5671
     0 | D:1      | 0 ||| qw: Always use a shield: true
     0 | D:1      | 0 ||| qw: Do Orc after D:15 true
     0 | D:1      | 0 ||| qw: Do second Lair branch before Depths: true
     0 | D:1      | 0 ||| qw: Lair rune preference: random
     0 | D:1      | 0 ||| qw: Plans: Normal
     0 | D:1      | 0 ||| PLANNING D:1-11
   245 | D:1      | 245 ||| INVOKING Berserk.
   499 | D:1      | 499 ||| Stepping ~*~*~tactically~*~*~ (hiding).
   510 | D:1      | Reached skill level 3 in Axes
   582 | D:1      | Reached XP level 2. HP: 19/19 MP: 2/2
  1165 | D:1      | Found a faded altar of an unknown god.
  1266 | D:1      | 1266 ||| UPGRADING to +0 leather armour.
  1276 | D:1      | 1276 ||| DROPPING +0 animal skin.
  1277 | D:1      | 1277 ||| UPGRADING to +0 helmet.
  1282 | D:1      | 1282 ||| READING scroll labelled NERGHI BOALI.
  1364 | D:2      | 1364 ||| FLEEEEING.
  1365 | D:2      | 1365 ||| FLEEEEING.
  1370 | D:2      | 1370 ||| FLEEEEING.
  1397 | D:2      | 1397 ||| INVOKING Berserk.
  1504 | D:2      | Reached XP level 3. HP: 17/23 MP: 3/3
  2136 | D:2      | Found Kaog's Book Emporium.
  2467 | D:2      | 2467 ||| DROPPING orb of energy.
  2468 | D:2      | 2468 ||| UPGRADING to +4 ring of evasion.
  2469 | D:2      | 2469 ||| READING scroll labelled FAODYP UCRAOPN.
  2470 | D:2      | 2470 ||| DRINKING 2 amethyst potions.
  2471 | D:2      | 2471 ||| READING 2 scrolls of identify.
  2471 | D:2      | 2471 ||| IDENTIFYING fuming dark potion
  2472 | D:2      | 2472 ||| DROPPING potion of flight.
  2473 | D:2      | 2473 ||| DROPPING potion of degeneration.
  2523 | D:3      | 2523 ||| Stepping ~*~*~tactically~*~*~ (stealth).
  2636 | D:3      | Reached ** piety under Trog
  2740 | D:3      | Reached XP level 4. HP: 28/28 MP: 4/4
  2791 | D:3      | 2791 ||| Stepping ~*~*~tactically~*~*~ (hiding).
  2920 | D:3      | Found Joewygoe's Distillery.
  2925 | D:3      | 2925 ||| BUYING potion of curing (42 gold).
  2925 | D:3      | Bought a potion of curing for 42 gold pieces
  2925 | D:3      | 2925 ||| BUYING potion of curing (42 gold).
  2925 | D:3      | Bought a potion of curing for 42 gold pieces
  2925 | D:3      | 2925 ||| BUYING potion of curing (42 gold).
  2925 | D:3      | Bought a potion of curing for 42 gold pieces
  2925 | D:3      | 2925 ||| SHOPLISTING potion of resistance (140 gold, have
                  | 42).
  2967 | D:3      | Found a glowing golden altar of the Shining One.
  2969 | D:3      | Found a shadowy altar of Dithmenos.
  3005 | D:3      | Noticed a water moccasin
  3013 | D:3      | Killed a water moccasin
  3014 | D:3      | Reached XP level 5. HP: 20/32 MP: 5/5
  3165 | D:3      | Found a burning altar of Makhleb.
  3166 | D:3      | Found a glowing silver altar of Zin.
  3241 | D:3      | 3241 ||| Stepping ~*~*~tactically~*~*~ (stealth).
  3333 | D:3      | 3333 ||| UPGRADING to amulet of reflection.
  3338 | D:3      | 3338 ||| READING 2 scrolls labelled KIUVVAFORGH.
  3339 | D:3      | 3339 ||| READING scroll labelled XIKHOAXZIR.
  3340 | D:3      | 3340 ||| READING scroll labelled VAWNEST DOOM.
  3345 | D:3      | 3345 ||| READING 3 scrolls of identify.
  3345 | D:3      | 3345 ||| IDENTIFYING silvery potion
  3346 | D:3      | 3346 ||| DROPPING potion of attraction.
  3347 | D:3      | 3347 ||| DROPPING scroll of noise.
  3366 | D:4      | Reached XP level 6. HP: 37/39 MP: 6/6
  3373 | D:4      | 3373 ||| STAIRDANCE
  3398 | D:3      | 3398 ||| SWAPPING to +0 war axe.
  3399 | D:3      | 3399 ||| DROPPING +0 spectral hand axe.
  3400 | D:3      | 3400 ||| UPGRADING to +0 ring mail.
  3410 | D:3      | 3410 ||| DROPPING +0 leather armour.
  3466 | D:4      | Found a shimmering blue altar of Sif Muna.
  3509 | D:4      | Found a staircase to the Ecumenical Temple.
  3530 | D:4      | 3530 ||| Stepping ~*~*~tactically~*~*~ (stealth).
  3583 | D:4      | 3583 ||| INVOKING Berserk.
  3775 | D:4      | Found a transporter.
  3835 | D:4      | Found a transporter.
  3856 | D:4      | Reached skill level 6 in Axes
  3871 | D:4      | 3871 ||| FLEEEEING.
  3872 | D:4      | 3872 ||| FLEEEEING.
  3873 | D:4      | 3873 ||| FLEEEEING.
  3874 | D:4      | 3874 ||| FLEEEEING.
  3876 | D:4      | 3876 ||| FLEEEEING.
  3877 | D:4      | 3877 ||| FLEEEEING.
  3878 | D:4      | 3878 ||| FLEEEEING.
  3879 | D:4      | 3879 ||| FLEEEEING.
  3880 | D:4      | 3880 ||| FLEEEEING.
  3881 | D:4      | 3881 ||| FLEEEEING.
  3883 | D:4      | 3883 ||| FLEEEEING.
  3886 | D:4      | 3886 ||| FLEEEEING.
  3889 | D:4      | 3889 ||| FLEEEEING.
  3892 | D:4      | 3892 ||| STAIRDANCE
  3919 | D:3      | 3919 ||| UPGRADING to +0 scale mail.
  3929 | D:3      | 3929 ||| DROPPING +0 ring mail.
  3930 | D:3      | 3930 ||| READING scroll labelled EFRIGU WECSIOW.
  4031 | D:3      | 4031 ||| READING scroll labelled WOMACV ZUZA.
  4032 | D:3      | 4032 ||| DRINKING 2 yellow potions.
  4033 | D:3      | 4033 ||| DRINKING 2 metallic grey potions.
  4034 | D:3      | 4034 ||| READING 2 scrolls of identify.
  4034 | D:3      | 4034 ||| IDENTIFYING purple potion
  4035 | D:3      | 4035 ||| DROPPING potion of brilliance.
  4042 | D:4      | 4042 ||| STAIRDANCE
  4180 | D:4      | 4180 ||| Stepping ~*~*~tactically~*~*~ (stealth).
  4218 | D:4      | Found a stormy altar of Qazlal.
  4424 | D:4      | Found an opulent altar of Gozag.
  4434 | D:4      | 4434 ||| Stepping ~*~*~tactically~*~*~ (stealth).
  4454 | D:4      | 4454 ||| UPGRADING to +0 chain mail.
  4464 | D:4      | 4464 ||| DROPPING orb of energy.
  4465 | D:4      | 4465 ||| DROPPING +0 scale mail.
  4466 | D:4      | 4466 ||| READING scroll labelled ICAPAM ZUO.
  4481 | D:5      | Entered Level 5 of the Dungeon
  4481 | D:5      | Noticed Blork the orc
  4484 | D:5      | 4484 ||| INVOKING Berserk.
  4490 | D:5      | Killed Blork the orc
  4491 | D:5      | Reached skill level 3 in Armour
  4491 | D:5      | Reached XP level 7. HP: 44/44 MP: 7/7
  4526 | D:5      | 4526 ||| DROPPING +0 mace.
  4560 | D:5      | 4560 ||| INVOKING Berserk.
  4795 | D:5      | 4795 ||| Stepping ~*~*~tactically~*~*~ (hiding).
  4796 | D:5      | 4796 ||| Stepping ~*~*~tactically~*~*~ (hiding).
  4797 | D:5      | 4797 ||| Stepping ~*~*~tactically~*~*~ (hiding).
  4798 | D:5      | 4798 ||| Stepping ~*~*~tactically~*~*~ (hiding).
  4902 | D:5      | 4902 ||| INVOKING Berserk.
  5418 | D:5      | 5418 ||| FLEEEEING.
  5419 | D:5      | 5419 ||| FLEEEEING.
  5420 | D:5      | 5420 ||| FLEEEEING.
  5422 | D:5      | 5422 ||| FLEEEEING.
  5423 | D:5      | 5423 ||| FLEEEEING.
  5424 | D:5      | 5424 ||| FLEEEEING.
  5425 | D:5      | 5425 ||| FLEEEEING.
  5426 | D:5      | 5426 ||| FLEEEEING.
  5427 | D:5      | 5427 ||| FLEEEEING.
  5428 | D:5      | 5428 ||| FLEEEEING.
  5429 | D:5      | 5429 ||| FLEEEEING.
  5430 | D:5      | 5430 ||| FLEEEEING.
  5431 | D:5      | 5431 ||| FLEEEEING.
  5432 | D:5      | 5432 ||| FLEEEEING.
  5433 | D:5      | 5433 ||| FLEEEEING.
  5434 | D:5      | 5434 ||| FLEEEEING.
  5435 | D:5      | 5435 ||| FLEEEEING.
  5436 | D:5      | 5436 ||| FLEEEEING.
  5437 | D:5      | 5437 ||| FLEEEEING.
  5438 | D:5      | 5438 ||| FLEEEEING.
  5439 | D:5      | 5439 ||| FLEEEEING.
  5709 | D:5      | Noticed Dowan
  5710 | D:5      | Noticed Duvessa
  5711 | D:5      | 5711 ||| Stepping ~*~*~tactically~*~*~ (hiding).
  5714 | D:5      | 5714 ||| Stepping ~*~*~tactically~*~*~ (hiding).
  5715 | D:5      | 5715 ||| INVOKING Berserk.
  5719 | D:5      | Killed Duvessa
  5733 | D:5      | Killed Dowan
  5734 | D:5      | Reached XP level 8. HP: 29/49 MP: 8/8
  5959 | D:5      | 5959 ||| READING scroll labelled DARROU ENAD.
  6024 | D:6      | 6024 ||| Stepping ~*~*~tactically~*~*~ (stealth).
  6133 | D:6      | 6133 ||| INVOKING Berserk.
  6157 | D:6      | 6157 ||| Stepping ~*~*~tactically~*~*~ (stealth).
  6178 | D:6      | Reached skill level 6 in Fighting
  6340 | D:6      | 6340 ||| Stepping ~*~*~tactically~*~*~ (stealth).
  6352 | D:6      | 6352 ||| INVOKING Berserk.
  6356 | D:6      | Reached skill level 1 in Throwing
  6456 | D:6      | 6456 ||| INVOKING Berserk.
  6785 | D:6      | 6785 ||| INVOKING Berserk.
  6956 | D:6      | 6956 ||| Stepping ~*~*~tactically~*~*~ (hiding).
  6961 | D:6      | 6961 ||| Stepping ~*~*~tactically~*~*~ (hiding).
  6965 | D:6      | Reached XP level 9. HP: 55/55 MP: 9/9
  6976 | D:6      | 6976 ||| INVOKING Berserk.
  6986 | D:6      | Reached skill level 9 in Axes
  7268 | D:6      | 7268 ||| DROPPING scarf of harm.
  7269 | D:6      | 7269 ||| DROPPING amulet of the acrobat.
  7270 | D:6      | 7270 ||| READING scroll labelled RIDINI DOANOVA.
  7271 | D:6      | 7271 ||| READING scroll labelled SUPRABRENOIX.
  7272 | D:6      | 7272 ||| DRINKING 2 glowing amethyst potions.
  7272 | D:6      | Gained mutation: You are frail. (-10% HP) [potion of
                  | mutation]
  7272 | D:6      | Gained mutation: You are dopey. (Int -2) [potion of
                  | mutation]
  7273 | D:6      | 7273 ||| DRINKING potion of mutation.
  7273 | D:6      | Lost mutation: You are frail. (-10% HP) [potion of
                  | mutation]
  7273 | D:6      | Lost mutation: You are dopey. (Int -2) [potion of mutation]
  7273 | D:6      | Gained mutation: You have a pair of small antennae on your
                  | head. [potion of mutation]
  7273 | D:6      | Gained mutation: You have hidden genetic potential. [potion
                  | of mutation]
  7305 | D:6      | 7305 ||| DROPPING +0 helmet.
  7346 | D:7      | 7346 ||| INVOKING Berserk.
  7477 | D:7      | 7477 ||| Stepping ~*~*~tactically~*~*~ (hiding).
  7478 | D:7      | 7478 ||| Stepping ~*~*~tactically~*~*~ (hiding).
  7480 | D:7      | 7480 ||| Stepping ~*~*~tactically~*~*~ (hiding).
  7482 | D:7      | 7482 ||| Stepping ~*~*~tactically~*~*~ (hiding).
  7612 | D:7      | 7612 ||| Stepping ~*~*~tactically~*~*~ (hiding).
  7616 | D:7      | 7616 ||| INVOKING Berserk.
  7953 | D:7      | 7953 ||| INVOKING Berserk.
  8244 | D:7      | 8244 ||| INVOKING Berserk.
  8413 | D:7      | 8413 ||| INVOKING Berserk.
  8690 | D:7      | 8690 ||| UPGRADING to +1 chain mail of willpower.
  8700 | D:7      | 8700 ||| DROPPING +0 chain mail.
  8701 | D:7      | 8701 ||| UPGRADING to +0 tower shield.
  8706 | D:7      | 8706 ||| DRINKING 2 brown potions.
  8707 | D:7      | 8707 ||| READING 6 scrolls of identify.
  8707 | D:7      | 8707 ||| IDENTIFYING coppery potion
  8708 | D:7      | 8708 ||| DROPPING potion of invisibility.
  8773 | D:8      | 8773 ||| Stepping ~*~*~tactically~*~*~ (hiding).
  8778 | D:8      | 8778 ||| INVOKING Berserk.
  8783 | D:8      | Reached skill level 2 in Shields
  8882 | D:8      | 8882 ||| Stepping ~*~*~tactically~*~*~ (stealth).
  8883 | D:8      | 8883 ||| Stepping ~*~*~tactically~*~*~ (stealth).
  8894 | D:8      | Reached skill level 3 in Shields
  8895 | D:8      | Reached skill level 4 in Shields
  8895 | D:8      | 8895 ||| INVOKING Berserk.
  8898 | D:8      | Reached XP level 10. HP: 42/64 MP: 10/10
  8899 | D:8      | Reached skill level 5 in Shields
  8902 | D:8      | Reached skill level 6 in Shields
  8911 | D:8      | Gained mutation: You are partially covered in iridescent
                  | scales. (AC +2) [hidden potential]
  9148 | D:8      | Noticed a two-headed ogre
  9152 | D:8      | 9152 ||| INVOKING Berserk.
  9154 | D:8      | Killed a two-headed ogre
  9155 | D:8      | Reached skill level 7 in Shields
  9324 | D:8      | 9324 ||| Stepping ~*~*~tactically~*~*~ (stealth).
  9326 | D:8      | 9326 ||| Stepping ~*~*~tactically~*~*~ (hiding).
  9334 | D:8      | Reached *** piety under Trog
  9374 | D:8      | 9374 ||| Stepping ~*~*~tactically~*~*~ (hiding).
  9379 | D:8      | 9379 ||| INVOKING Berserk.
  9403 | D:8      | Reached skill level 8 in Shields
  9776 | D:8      | Noticed a cyan ugly thing
  9776 | D:8      | 9776 ||| Stepping ~*~*~tactically~*~*~ (stealth).
  9779 | D:8      | 9779 ||| Stepping ~*~*~tactically~*~*~ (stealth).
  9781 | D:8      | 9781 ||| Stepping ~*~*~tactically~*~*~ (stealth).
  9782 | D:8      | 9782 ||| Stepping ~*~*~tactically~*~*~ (stealth).
  9807 | D:8      | Killed a cyan ugly thing
  9967 | D:8      | 9967 ||| DRINKING 2 fuming purple potions.
 10068 | D:8      | 10068 ||| DROPPING potion of ambrosia.
 10101 | D:9      | Found a staircase to the Lair.
 10182 | D:9      | 10182 ||| SWAPPING to +0 broad axe.
 10183 | D:9      | 10183 ||| DROPPING +1 war axe.
 10190 | D:9      | Reached skill level 9 in Shields
 10218 | D:9      | 10218 ||| READING scroll of enchant weapon.
 10218 | D:9      | 10218 ||| ENCHANTING +0 broad axe.
 10282 | D:9      | 10282 ||| INVOKING Berserk.
 10545 | D:9      | 10545 ||| INVOKING Berserk.
 10549 | D:9      | Reached skill level 10 in Shields
 10733 | D:9      | Found a snail-covered altar of Cheibriados.
 10932 | D:9      | 10932 ||| PLANNING LAIR
 10968 | Lair:1   | Entered Level 1 of the Lair of Beasts
 11001 | Lair:1   | Noticed Sonja
 11032 | Lair:1   | Killed Sonja
 11149 | Lair:1   | Noticed a boulder beetle
 11150 | Lair:1   | 11150 ||| Stepping ~*~*~tactically~*~*~ (stealth).
 11151 | Lair:1   | 11151 ||| Stepping ~*~*~tactically~*~*~ (stealth).
 11152 | Lair:1   | 11152 ||| Stepping ~*~*~tactically~*~*~ (stealth).
 11153 | Lair:1   | 11153 ||| Stepping ~*~*~tactically~*~*~ (stealth).
 11154 | Lair:1   | 11154 ||| Stepping ~*~*~tactically~*~*~ (stealth).
 11157 | Lair:1   | 11157 ||| INVOKING Berserk.
 11168 | Lair:1   | HP: 3/64 [boulder beetle (40)]
 11169 | Lair:1   | 11169 ||| READING 7 scrolls of teleportation.
 11170 | Lair:1   | 11170 ||| DRINKING potion of heal wounds.
 11305 | Lair:1   | Noticed a black mamba
 11308 | Lair:1   | 11308 ||| INVOKING Berserk.
 11310 | Lair:1   | Killed a black mamba
 11311 | Lair:1   | Reached XP level 11. HP: 68/68 MP: 11/11
 11351 | Lair:1   | 11351 ||| INVOKING Berserk.
 11358 | Lair:1   | Killed a boulder beetle
 11359 | Lair:1   | Reached skill level 11 in Shields
 11368 | Lair:1   | Gained mutation: You are agile. (Dex +4, Str/Int -1)
                  | [hidden potential]
 11368 | Lair:1   | Lost mutation: You have hidden genetic potential. [hidden
                  | potential expressed]
 11621 | Lair:1   | 11621 ||| INVOKING Berserk.
 11811 | Lair:1   | 11811 ||| READING scroll labelled SUCRIONEQU.
 11812 | Lair:1   | 11812 ||| INVOKING Berserk.
 11823 | Lair:1   | Reached skill level 12 in Shields
 11838 | Lair:1   | HP: 14/68 [blink frog (7)]
 11839 | Lair:1   | 11839 ||| READING 6 scrolls of teleportation.
 11889 | Lair:1   | 11889 ||| INVOKING Berserk.
 12409 | Lair:1   | 12409 ||| DROPPING +0 ring mail of cold resistance.
 12410 | Lair:1   | 12410 ||| READING scroll labelled ZUEJICIOPYSE.
 12500 | Lair:2   | 12500 ||| Stepping ~*~*~tactically~*~*~ (stealth).
 12501 | Lair:2   | 12501 ||| Stepping ~*~*~tactically~*~*~ (stealth).
 12503 | Lair:2   | 12503 ||| Stepping ~*~*~tactically~*~*~ (stealth).
 12505 | Lair:2   | 12505 ||| Stepping ~*~*~tactically~*~*~ (stealth).
 12525 | Lair:2   | Reached skill level 13 in Shields
 12633 | Lair:2   | 12633 ||| READING scroll of brand weapon.
 12633 | Lair:2   | 12633 ||| BRANDING +1 broad axe.
 12701 | Lair:2   | Noticed a catoblepas
 12704 | Lair:2   | 12704 ||| INVOKING Berserk.
 12711 | Lair:2   | Killed a catoblepas
 12930 | Lair:2   | Found a staircase to the Shoals.
 13161 | Lair:2   | Found a staircase to the Snake Pit.
 13162 | Lair:2   | 13162 ||| Stepping ~*~*~tactically~*~*~ (hiding).
 13172 | Lair:2   | HP: 9/69 [naga/+0 war axe (12)]
 13173 | Lair:2   | 13173 ||| READING 6 scrolls of teleportation.
 13174 | Lair:2   | 13174 ||| INVOKING Berserk.
 13174 | Lair:2   | Slain by a naga

Levels and vault maps discovered:
D:1:      dpeg_arrival_circle_labyrinth_a, layout_loops_ring, serial_forest,
          infiniplex_forest_straight_5, infiniplex_forest_lined_room_2,
          infiniplex_forest_clump_tiny, infiniplex_forest_straight_3,
          infiniplex_forest_clump_long, shapermc_ecumenical_altar_totnotflames
D:2:      layout_basic, serial_shops, shop
D:3:      layout_loops_cross, nicolae_overflow_hidden_temple, serial_shops,
          nicolae_shop_hallway_plus, fountainhead
D:4:      gammafunk_wand_slinger, layout_loops_cross,
          nicolae_qazlal_general_emergency, grunt_gozag_breadcrumbs,
          nicolae_sif_muna_little_library, minmay_temple_entry_glassed_door
D:5:      layout_basic, uniq_blork_the_orc, uniq_duvessa
D:6:      layout_gridville, kennysheep_nondescript, minivault_25
D:7:      layout_loops_cross, roderic_batcave
D:8:      layout_basic
D:9:      layout_roguey, cheibriados_altar_1, dpeg_oklobed_lair
Lair:1:   statuecave_lemuel, layout_hall_layers, uniq_sonja
Lair:2:   layout_cave_pods, elwin_shoals_entry_rooms,
          guppyfry_snake_entry_garden, portal_ice_cave_entry_pillars_2,
          lemuel_old_faithful, lemuel_fruit_tree

Skill      XL: |  1  2  3  4  5  6  7  8  9 10 11 |
---------------+----------------------------------+-----
Axes           | 3 4 5 6 7 8 10 | 10.0
Fighting       | 4 5 6 7 8 |  8.4
Armour         | 3 4 |  4.7
Throwing       | 1 2 |  2.4
Shields        | 4 10 13 | 13.0
Dodging        | 2 |  2.0

Action                   |  1- 3 |  4- 6 |  7- 9 | 10-12 || total
-------------------------+-------+-------+-------+-------++-------
Melee: Hand axe          |    88 |    22 |       |       ||   110
       Punch             |     1 |     2 |     1 |       ||     4
       War axe           |       |    50 |   259 |    67 ||   376
       Broad axe         |       |       |       |   154 ||   154
Throw: Boomerang         |       |       |    24 |    19 ||    43
       Javelin           |       |       |     5 |    33 ||    38
Invok: Berserk           |     2 |     2 |    15 |    12 ||    31
  Use: Scroll            |     3 |     8 |     4 |     7 ||    22
       Potion            |     1 |     2 |     3 |     2 ||     8
Armor: Animal skin       |     6 |       |       |       ||     6
       Leather armour    |    12 |     1 |       |       ||    13
       Ring mail         |       |    10 |       |       ||    10
       Scale mail        |       |     3 |       |       ||     3
       Chain mail        |       |     1 |   153 |    89 ||   243
Dodge: Dodged            |    37 |    22 |   178 |    55 ||   292
Block: Other             |       |     7 |    68 |       ||    75
       Tower shield      |       |       |    22 |   229 ||   251
       Reflection        |       |       |       |     7 ||     7

Table legend:
 A = Non-vault XP
 B = Vault XP
 C = Vault XP percentage of total XP
 D = Non-vault monster count
 E = Vault monster count
 F = Vault count percentage of total count
                 A         B        C        D         E       F
            +---------+---------+-------+---------+---------+-------
      Total |   14139 |    1126 |   7.4 |     177 |      12 |   6.3
            +---------+---------+-------+---------+---------+-------
        D:1 |      20 |       0 |   0.0 |      11 |       0 |   0.0
        D:2 |      46 |       0 |   0.0 |      12 |       0 |   0.0
        D:3 |     240 |       0 |   0.0 |      20 |       0 |   0.0
        D:4 |     261 |       0 |   0.0 |      18 |       0 |   0.0
        D:5 |     370 |     305 |  45.2 |      10 |       3 |  23.1
        D:6 |    1271 |       0 |   0.0 |      25 |       0 |   0.0
        D:7 |    1468 |      10 |   0.7 |      21 |       7 |  25.0
        D:8 |    3345 |       0 |   0.0 |      31 |       0 |   0.0
        D:9 |    1061 |       0 |   0.0 |      11 |       0 |   0.0
     Lair:1 |    3397 |     529 |  13.5 |      10 |       1 |   9.1
     Lair:2 |    2660 |     282 |   9.6 |       8 |       1 |  11.1
            +---------+---------+-------+---------+---------+-------
